AoeStats
← frizboum

Pilgrims

509721667Analyzed
4v4 RM · 19d ago on Sep 27, 2026· 26m 7s· 8 players
Game mode
Random Map
Map size
Large (8 player)
Population
200
Speed
Normal
Resources
Standard
Victory
Conquest
Starting age
Dark Age
Ending age
Imperial Age
RankedLock teamsTeams togetherTeam positionsShared explorationLock speedFull tech treeHidden civsTurbo modeCheats
Victory
Defeat
🇬🇧 Mongols · United Kingdom
783
+19
🇬🇧 Japanese · United Kingdom
767
+20
🇬🇧 Khmer · United Kingdom
744
+21
🇬🇧 Japanese · United Kingdom
742
+21
vs
🇵🇱 Cumans · Poland
895
-23
835
-20
🇨🇱 Malay · Chile
833
-19
🇫🇷 Gurjaras · France
830
-19
tambi
16:17 Feudal Age
20:02 Double-Bit Axe
frizboum
4:30 Loom
12:58 Feudal Age
14:29 Double-Bit Axe
15:02 Man-at-Arms
15:28 Arson
15:49 Fishing Lines
16:54 Scale Mail Armor
17:56 Forging
21:01 Wheelbarrow
21:02 Horse Collar
malolepszy.adrian
10:02 Feudal Age
11:23 Wheelbarrow
10:35 Double-Bit Axe
15:43 Fishing Lines
26:51 Castle Age
[TodEs H] Ovejita Eléctrica
bactofut
12:39 Feudal Age
14:34 Loom
22:46 Wheelbarrow
24:03 Bloodlines
officermh
8:34 Loom
11:41 Feudal Age
15:10 Fishing Lines
19:01 Wheelbarrow
19:44 Fletching
22:24 Padded Archer Armor
26:37 Castle Age
Cpt Wilbo
2:20 Loom
14:04 Feudal Age
16:24 Town Watch
16:49 Fishing Lines
18:23 Double-Bit Axe
19:48 Wheelbarrow
19:28 Gold Mining
19:21 Horse Collar
25:36 Castle Age
26:41 Bow Saw
pezdispenser
10:03 Feudal Age
8:22 Loom
11:24 Double-Bit Axe
13:19 Fishing Lines
17:56 Castle Age
21:15 Medium Warships
21:44 Forging
23:19 Scale Mail Armor
Connection lost

Rejoining the realm…

Still unreachable

The connection could not be restored.

Session expired

The server has moved on; the page needs a fresh start.